 Dungeon Sprint DCSS version 0.28-a0-1213-g0243856f03 (webtiles) character file.

Game seed: 17919330833909856232

364 rocky1 the Blocker (level 6, -3/56 HPs)
             Began as a Gnoll Fighter on Dec 22, 2021.
             Was a Follower of Okawaru.
             Slain by a freezing wraith (9 damage)
             ... in the Dungeon (Sprint VII: "The Pits").
             The game lasted 00:02:15 (742 turns).

rocky1 the Blocker (Gnoll Fighter)                   Turns: 742, Time: 00:02:17

Health: -3/56      AC: 13    Str: 17    XL:     6   Next: 67%
Magic:  13/13      EV:  8    Int:  8    God:    Okawaru [*.....]
Gold:   0          SH:  6    Dex: 11    Spells: 14/14 levels left

rFire   . . .      SeeInvis .   n - +2 long sword (flame)
rCold   . . .      Faith    .   c - +0 buckler
rNeg    . . .      Spirit   .   m - +3 chain mail
rPois   .          Reflect  .   (no helmet)
rElec   .          Harm     .   (no cloak)
rCorr   .          Rampage  .   (no gloves)
Will    .....      NoTele   +   (no boots)
Stlth   ..........              (no amulet)
HPRegen 0.18/turn               (no ring)
MPRegen 0.13/turn               (no ring)

@: slowed, very slow
A: fangs 1, strong nose, distributed training
a: Renounce Religion, Heroism


You were in the Dungeon.
You worshipped Okawaru.
Okawaru was aware of your devotion.
You visited 1 branch

Inventory:

Hand Weapons
 a - a +2 vorpal trident
 b - a +2 vorpal hand axe
 n - a +2 long sword of flaming (weapon)
Armour
 c - a +0 buckler (worn)
 m - a +3 chain mail (worn)
Scrolls
 j - a scroll of blinking
 l - 5 scrolls of amnesia
Potions
 d - a potion of might
 e - 6 potions of curing
 f - 5 potions of heal wounds
 g - a potion of haste
 h - 4 potions of magic
 i - 3 potions of berserk rage
 k - 2 potions of invisibility


   Skills:
 + Level 8.2 Fighting
 + Level 4.8 Short Blades
 + Level 4.8 Long Blades
 + Level 6.7 Axes
 + Level 4.8 Maces & Flails
 + Level 4.8 Polearms
 + Level 4.8 Staves
 + Level 4.8 Slings
 + Level 4.8 Bows
 + Level 4.8 Crossbows
 + Level 4.8 Throwing
 + Level 8.2 Armour
 + Level 4.8 Dodging
 + Level 4.8 Stealth
 + Level 8.2 Shields
 + Level 4.8 Unarmed Combat
 + Level 4.8 Spellcasting
 + Level 3.9 Conjurations
 + Level 3.9 Hexes
 + Level 3.9 Summonings
 + Level 3.9 Necromancy
 + Level 3.9 Translocations
 + Level 3.9 Transmutations
 + Level 3.9 Fire Magic
 + Level 3.9 Ice Magic
 + Level 3.9 Air Magic
 + Level 3.9 Earth Magic
 + Level 3.9 Poison Magic
 + Level 5.2 Invocations
 + Level 4.8 Evocations


You had 14 spell levels left.
You didn't know any spells.
Your spell library was empty.

Dungeon Overview and Level Annotations

Branches:
Dungeon (1/1)

Altars:
Ashenzari
Cheibriados
Dithmenos
Elyvilon
Fedhas
Gozag
Hepliaklqana
Kikubaaqudgha
Makhleb
Nemelex Xobeh
Okawaru
Qazlal
Ru
Sif Muna
Trog
Uskayaw
Vehumet
Wu Jian
Xom
Yredelemnul
Zin
The Shining One
Beogh
Jiyva
Lugonu


Innate Abilities, Weirdness & Mutations

You have very sharp teeth.
Your uncanny sense of smell can sniff out nearby items.
Your experience applies equally to all skills.


Message History

You slash the ufetubus! You burn the ufetubus.
You kill the ufetubus!
Okawaru accepts your kill.
There is an open door here.
You open the door.
A freezing wraith comes into view.
You barely miss the freezing wraith.
The freezing wraith hits you but does no damage.
The freezing wraith barely misses you.
You barely miss the freezing wraith.
The freezing wraith hits you but does no damage.
You block the freezing wraith's attack.
You hit the freezing wraith. You burn the freezing wraith.
The freezing wraith is lightly damaged.
The freezing wraith hits you but does no damage. x2
You hit the freezing wraith. You burn the freezing wraith.
The freezing wraith is lightly damaged.
The freezing wraith hits you! The freezing wraith freezes you!!
The freezing wraith hits you. x2
* * * LOW HITPOINT WARNING * * *
The freezing wraith freezes you!
* * * LOW HITPOINT WARNING * * *
The freezing wraith hits you but does no damage.
You feel much better.
The freezing wraith hits you but does no damage.
The freezing wraith hits you. The freezing wraith drains your vigour!
You feel yourself slow down.
Unknown command.
You barely miss the freezing wraith.
The freezing wraith is lightly damaged.
The freezing wraith hits you but does no damage.
The freezing wraith hits you. The freezing wraith drains your vigour!
You feel as though you will be slow longer.
You barely miss the freezing wraith.
The freezing wraith is lightly damaged.
The freezing wraith hits you. The freezing wraith freezes you!
* * * LOW HITPOINT WARNING * * *
The freezing wraith hits you but does no damage.
The freezing wraith barely misses you. The freezing wraith hits you!
You die...

#)#........##.......#
#'###########.......#
#.).....# #########
#.###...# #.#.....#
∆∆∆∆ #.#...#.#+# ∆
#.....#.#.+ ∆
#...###.#W# ∆
#.......'@# ∆
###########


You could see a freezing wraith.

Vanquished Creatures
  A water moccasin (D)
  A bullfrog (D)
  A gnoll sergeant (D)
  A crimson imp (D)
  A quasit (D)
  An adder (D)
  4 gnolls (D)
  A river rat (D)
  An ufetubus (D)
  2 worms (D)
  An orc (D)
  A bat skeleton (D)
  A bat zombie (D)
  A goblin (D)
  2 kobolds (D)
20 creatures vanquished.

Notes
Turn   | Place    | Note
-------+----------+-------------------------------------------
     0 | D        | rocky1 the Gnoll Fighter began the quest for the Orb.
     0 | D        | Reached XP level 1. HP: 23/23 MP: 1/1
    20 | D        | Reached skill level 1 in Short Blades
    20 | D        | Reached skill level 1 in Long Blades
    20 | D        | Reached skill level 1 in Maces & Flails
    20 | D        | Reached skill level 1 in Polearms
    20 | D        | Reached skill level 1 in Staves
    20 | D        | Reached skill level 1 in Slings
    20 | D        | Reached skill level 1 in Bows
    20 | D        | Reached skill level 1 in Crossbows
    20 | D        | Reached skill level 1 in Throwing
    20 | D        | Reached skill level 1 in Dodging
    20 | D        | Reached skill level 1 in Stealth
    20 | D        | Reached skill level 1 in Unarmed Combat
    20 | D        | Reached skill level 1 in Spellcasting
    20 | D        | Reached skill level 1 in Invocations
    20 | D        | Reached skill level 1 in Evocations
    20 | D        | Reached XP level 2. HP: 15/29 MP: 1/3
   171 | D        | Found a bloodstained altar of Trog.
   171 | D        | Found a shimmering blue altar of Sif Muna.
   171 | D        | Found a viscous altar of Jiyva.
   171 | D        | Found a hazy altar of Hepliaklqana.
   171 | D        | Found an opulent altar of Gozag.
   172 | D        | Found a glowing golden altar of the Shining One.
   172 | D        | Found a glowing silver altar of Zin.
   172 | D        | Found a basalt altar of Yredelemnul.
   172 | D        | Found a shimmering altar of Xom.
   172 | D        | Found an ornate altar of the Wu Jian Council.
   172 | D        | Found a sacrificial altar of Ru.
   172 | D        | Found a stormy altar of Qazlal.
   172 | D        | Found an iron altar of Okawaru.
   172 | D        | Found a sparkling altar of Nemelex Xobeh.
   172 | D        | Found a burning altar of Makhleb.
   172 | D        | Found a blossoming altar of Fedhas.
   172 | D        | Found a white marble altar of Elyvilon.
   172 | D        | Found a shadowy altar of Dithmenos.
   172 | D        | Found a snail-covered altar of Cheibriados.
   174 | D        | Found a radiant altar of Vehumet.
   174 | D        | Found a corrupted altar of Lugonu.
   175 | D        | Found a hide-covered altar of Uskayaw.
   175 | D        | Found an ancient bone altar of Kikubaaqudgha.
   175 | D        | Found a broken altar of Ashenzari.
   180 | D        | Became a worshipper of Warmaster Okawaru
   196 | D        | Reached skill level 1 in Conjurations
   196 | D        | Reached skill level 1 in Hexes
   196 | D        | Reached skill level 1 in Summonings
   196 | D        | Reached skill level 1 in Necromancy
   196 | D        | Reached skill level 1 in Translocations
   196 | D        | Reached skill level 1 in Transmutations
   196 | D        | Reached skill level 1 in Fire Magic
   196 | D        | Reached skill level 1 in Ice Magic
   196 | D        | Reached skill level 1 in Air Magic
   196 | D        | Reached skill level 1 in Earth Magic
   196 | D        | Reached skill level 1 in Poison Magic
   469 | D        | Reached XP level 3. HP: 33/35 MP: 5/5
   471 | D        | Noticed a water moccasin
   481 | D        | Killed a water moccasin
   481 | D        | Reached * piety under Okawaru
   482 | D        | Reached skill level 5 in Axes
   482 | D        | Reached XP level 4. HP: 29/43 MP: 5/8
   482 | D        | Reached XP level 5. HP: 32/48 MP: 5/9
   590 | D        | Reached XP level 6. HP: 44/56 MP: 10/12
   604 | D        | Reached skill level 5 in Invocations
   735 | D        | Noticed a freezing wraith
   739 | D        | HP: 1/56 [freezing wraith (15)]
   742 | D        | Slain by a freezing wraith

Illustrated notes

Levels and vault maps discovered:
D:        pitsprint [storerooms_1, entrance_room_1, metal_vault_7, armoury_2,
          mini_pit_1, grid_room_1, main_hall_1, silver_pit, the_coven_3,
          the_vestibule_1, steel_vault_1, golden_pit, hallway_of_sentries,
          crystal_vault_1, iron_vault_5, final_vault]

Skill      XL: |  1  2  3  4  5  6 |
---------------+-------------------+-----
Short Blades   | 1 3 4 |  4.8
Long Blades    | 1 3 4 |  4.8
Maces & Flails | 1 3 4 |  4.8
Polearms       | 1 3 4 |  4.8
Staves         | 1 3 4 |  4.8
Slings         | 1 3 4 |  4.8
Bows           | 1 3 4 |  4.8
Crossbows      | 1 3 4 |  4.8
Throwing       | 1 3 4 |  4.8
Dodging        | 1 3 4 |  4.8
Stealth        | 1 3 4 |  4.8
Unarmed Combat | 1 3 4 |  4.8
Spellcasting   | 1 3 4 |  4.8
Invocations    | 1 3 4 5 |  5.2
Evocations     | 1 3 4 |  4.8
Conjurations   | 1 2 3 |  3.9
Hexes          | 1 2 3 |  3.9
Summonings     | 1 2 3 |  3.9
Necromancy     | 1 2 3 |  3.9
Translocations | 1 2 3 |  3.9
Transmutations | 1 2 3 |  3.9
Fire Magic     | 1 2 3 |  3.9
Ice Magic      | 1 2 3 |  3.9
Air Magic      | 1 2 3 |  3.9
Earth Magic    | 1 2 3 |  3.9
Poison Magic   | 1 2 3 |  3.9
Fighting       | 7 8 |  8.2
Axes           | 5 6 |  6.7
Armour         | 7 8 |  8.2
Shields        | 7 8 |  8.2

Action                   |  1- 3 |  4- 6 || total
-------------------------+-------+-------++-------
Melee: War axe           |    30 |       ||    30
       Bite              |     3 |     5 ||     8
       Long sword        |       |    48 ||    48
  Use: Potion            |       |     1 ||     1
Armor: Scale mail        |    13 |       ||    13
       Chain mail        |       |    33 ||    33
Dodge: Dodged            |    22 |    26 ||    48
Block: Buckler           |    10 |    14 ||    24

Table legend: (Time is in decaauts)
 A = Elapsed time spent in this place.
 B = Non-inter-level travel time spent in this place.
 C = Inter-level travel time spent in this place.
 D = Time resting spent in this place.
 E = Time spent auto-exploring this place.
 F = Levels seen in this place.
 G = Mean time per level.
                   A        B        C        D        E       F      G
               +--------+--------+--------+--------+--------+-----+--------+
         Total |    758 |    758 |      0 |    445 |      0 |   1 |  758.0 |
       Dungeon |    758 |    758 |      0 |    445 |      0 |   1 |  758.0 |
               +--------+--------+--------+--------+--------+-----+--------+

Top non-repeatable levels by time:
       D: 758 daAuts
